 Dungeon Crawl Stone Soup version 0.27-a0-333-gfa571bf19a (webtiles) character file.

Game seed: 14433646164125419519

33 Chiseanne the Ducker (level 3, -6/37 HPs)
             Began as a Troll Wanderer on Feb 12, 2021.
             Mangled by a gnoll
             ... wielding a +0 spear
              (8 damage)
             ... on level 2 of the Dungeon.
             The game lasted 00:01:52 (193 turns).

Chiseanne the Ducker (Troll Wanderer)                Turns: 193, Time: 00:01:52

Health: -6/37      AC:  8    Str: 20    XL:     3   Next: 12%
Magic:  2/2        EV: 10    Int: 10    God:
Gold:   0          SH:  0    Dex:  8    Spells: 2/2 levels left

rFire    . . .     SeeInvis .   (no weapon)
rCold    . . .     Faith    .   (no shield)
rNeg     . . .     Spirit   .   b - +2 robe
rPois    .         Reflect  .   (helmet restricted)
rElec    .         Harm     .   (no cloak)
rCorr    .         Rampage  .   (gloves unavailable)
Will     .....                  (boots unavailable)
Stlth    +.........             (no amulet)
HPRegen  0.52/turn              (no ring)
MPRegen  0.08/turn              (no ring)

@: no status effects
A: large, unfitting armour, claws 3, regeneration 1, shaggy fur 1, tough skin 3
a: no special abilities


You were on level 2 of the Dungeon.
You visited 1 branch of the dungeon, and saw 2 of its levels.

Inventory:

Missiles
 a - 12 sling bullets
 d - 19 stones (quivered)
 e - 11 arrows
Armour
 b - a +2 robe (worn)
Scrolls
 f - a scroll of identify {unknown}
Potions
 c - a potion of lignification
 g - a potion of curing {unknown}


   Skills:
 * Level 3.0 Fighting
 - Level 1.0 Maces & Flails
 - Level 4.1 Dodging
 - Level 1.0 Shields
 - Level 1.0 Evocations


You had 2 spell levels left.
You didn't know any spells.
Your spell library was empty.

Dungeon Overview and Level Annotations

Branches:
Dungeon (2/15)

Altars:


Innate Abilities, Weirdness & Mutations

You are too large for most types of armour.
You have claws for hands.
Your natural rate of healing is unusually fast.
You are covered in fur. (AC +1)
You have extremely tough skin. (AC +3)


Message History

The gnoll misses you.
You barely miss the gnoll.
The gnoll is almost dead.
The gnoll hits you but does no damage. The gnoll barely misses you.
You scratch the gnoll.
You kill the gnoll!
The gnoll hits you from afar with a +0 spear.
Your Fighting skill increases to level 3!
You have reached level 3!
Your experience leads to an increase in your attributes!
Increase (s)trength, (i)ntelligence, or (d)exterity?
You feel stronger. x2
The gnoll closely misses you.
Things that are here:
a +2 flail of protection; a +0 spear; a gnoll corpse You closely miss the gnoll.
The gnoll closely misses you.
You scratch the gnoll.
The gnoll is moderately wounded.
The gnoll hits you but does no damage.
You closely miss the gnoll.
The gnoll is moderately wounded.
The gnoll hits you with a +0 spear!
You closely miss the gnoll.
The gnoll is moderately wounded.
The gnoll hits you with a +0 spear!
* * * LOW HITPOINT WARNING * * *
You scratch the gnoll.
The gnoll is heavily wounded.
The gnoll hits you but does no damage.
You scratch the gnoll.
The gnoll is almost dead.
The gnoll hits you with a +0 spear.
* * * LOW HITPOINT WARNING * * *
You completely miss the gnoll.
The gnoll is almost dead.
The gnoll misses you.
You barely miss the gnoll.
The gnoll is almost dead.
The gnoll hits you with a +0 spear!
You die...

## #.. #.# #.# ###.###
#.....# #
########.....##.#
#..lgg@.$.......# ###
...######.....########..
#....[........[#
##.##.########## #.##.##
#.#...## #......##
#.......# #......##


You could see a gnoll, a goblin and a frilled lizard.

Vanquished Creatures
  2 gnolls (D:2)
  A bat (D:2)
  A goblin (D:2)
  2 hobgoblins
  4 jackals (D:2)
  A kobold (D:1)
  A rat (D:1)
12 creatures vanquished.

Notes
Turn   | Place    | Note
-------+----------+-------------------------------------------
     0 | D:1      | Chiseanne the Troll Wanderer began the quest for the Orb.
     0 | D:1      | Chiseanne set off with the following items: a +0 mace, a +2
                  | robe, a potion of lignification
     0 | D:1      | Reached XP level 1. HP: 19/19 MP: 0/0
   108 | D:2      | Reached XP level 2. HP: 28/28 MP: 1/1
   185 | D:2      | Reached XP level 3. HP: 16/37 MP: 2/2
   191 | D:2      | HP: 1/37 [gnoll/+0 spear (5)]
   193 | D:2      | Mangled by a gnoll

Illustrated notes

Levels and vault maps discovered:
D:1:      dpeg_arrival_shelter, layout_loops_ring
D:2:      layout_loops_ring, grunt_temple_overflow_opulence,
          hangedman_abyss_or_decor_stabs

Skill      XL: |  1  2 |
---------------+-------+-----
Fighting       | 2 3 |  3.0
Maces & Flails | |  1.0
Dodging        | |  4.1
Shields        | |  1.0
Evocations     | |  1.0

Action                   || total
-------------------------++-------
Melee: Unarmed           ||    48
       Mace              ||     5
Armor: Robe              ||    20
Dodge: Dodged            ||    37

Table legend: (Time is in decaauts)
 A = Elapsed time spent in this place.
 B = Non-inter-level travel time spent in this place.
 C = Inter-level travel time spent in this place.
 D = Time resting spent in this place.
 E = Time spent auto-exploring this place.
 F = Levels seen in this place.
 G = Mean time per level.
                   A        B        C        D        E       F      G
               +--------+--------+--------+--------+--------+-----+--------+
         Total |    194 |    194 |      0 |      0 |      0 |   2 |   97.0 |
       Dungeon |    194 |    194 |      0 |      0 |      0 |   2 |   97.0 |
               +--------+--------+--------+--------+--------+-----+--------+

Top non-repeatable levels by time:
     D:2: 111 daAuts
     D:1: 82 daAuts
